 Dungeon Crawl Stone Soup version 0.28-a0-1447-ga5a8893891 (webtiles) character file.

Game seed: 13499583316412264744

103 HallandMoats the Skirmisher (level 4, -1/41 HPs)
             Began as a Ghoul Berserker on Jan 12, 2022.
             Was a Believer of Trog.
             Slain by a gnoll (7 damage)
             ... on level 2 of the Dungeon.
             The game lasted 00:02:34 (1965 turns).

HallandMoats the Skirmisher (Ghoul Berserker)       Turns: 1965, Time: 00:02:35

Health: -1/41      AC:  6    Str: 19    XL:     4   Next: 79%
Magic:  3/3        EV: 10    Int:  5    God:    Trog [**....]
Gold:   107        SH:  0    Dex:  8    Spells: 3/3 levels left

rFire   . . .      SeeInvis .   a - +0 hand axe
rCold   + . .      Faith    .   (no shield)
rNeg    + + +      Spirit   .   c - +0 scale mail
rPois   ∞          Reflect  .   (no helmet)
rElec   .          Harm     .   (no cloak)
rCorr   .          Rampage  .   (no gloves)
Will    .....                   (no boots)
Stlth   ..........              (no amulet)
HPRegen 0.00/turn               (no ring)
MPRegen 0.08/turn               (no ring)

@: inhibited regen
A: claws 1, cold resistance 1, negative energy resistance 3, inhibited
regeneration, torment resistance 2
a: Renounce Religion, Trog's Hand


You were on level 2 of the Dungeon.
You worshipped Trog.
Trog was pleased with you.
You visited 1 branch of the dungeon, and saw 2 of its levels.

You collected 107 gold pieces.

Inventory:

Hand Weapons
 a - a +0 hand axe (weapon)
Armour
 c - a +0 scale mail (worn)
Jewellery
 f - a +6 ring of strength
Scrolls
 b - 2 scrolls of identify {unknown}
 d - a scroll of magic mapping {unknown}
 g - a scroll of noise {unknown}
 h - a scroll of teleportation {unknown}
 i - a scroll of vulnerability {unknown}
Potions
 e - a potion of heal wounds {unknown}


   Skills:
 * Level 4.3 Fighting
 * Level 3.5 Axes
 + Level 2.3 Armour
 + Level 2.4 Dodging


You had 3 spell levels left.
You didn't know any spells.
Your spell library was empty.

Dungeon Overview and Level Annotations

Branches:
Dungeon (2/15)

Altars:

Shops:
D:1 [([=


Innate Abilities, Weirdness & Mutations

You thrive by killing the living.
You are immune to poison.
You have sharp fingernails.
Your flesh is cold resistant. (rC+)
You are immune to negative energy. (rN+++)
You do not regenerate when monsters are visible.
You are immune to unholy pain and torment.


Message History

A kobold comes into view. It is wielding a +0 club.
You see here a +0 club.
The hobgoblin throws a stone.
The stone barely misses you.
The stone barely misses the gnoll.
The stone hits the gnoll.
A worm comes into view.
The hobgoblin hits you.
You barely miss the hobgoblin. You hit the gnoll.
You kill the gnoll!
Trog accepts your kill.
You hit the kobold.
You kill the kobold!
Trog accepts your kill.
You feel better. The hobgoblin barely misses you.
The hobgoblin hits you but does no damage.
You closely miss the hobgoblin. The hobgoblin closely misses you.
You hit the hobgoblin.
The hobgoblin is severely wounded.
You hit the gnoll.
You kill the gnoll!
Trog accepts your kill. The hobgoblin barely misses you.
You hit the hobgoblin.
You kill the hobgoblin!
Trog accepts your kill.
You hit the gnoll. The gnoll closely misses you.
The gnoll hits you from afar with a +0 spear.
Things that are here:
16 stones; a scroll labelled MOSOARATTOA You barely miss the worm.
You hit the gnoll but do no damage. The gnoll closely misses you.
The worm barely misses you.
The gnoll hits you from afar with a +0 spear.
You barely miss the worm. You hit the gnoll but do no damage.
The gnoll hits you with a +0 flail!
* * * LOW HITPOINT WARNING * * *
The gnoll hits you from afar with a +0 spear.
* * * LOW HITPOINT WARNING * * *
You hit the worm but do no damage. You closely miss the gnoll.
The gnoll closely misses you. The worm closely misses you.
The gnoll hits you from afar with a +0 spear!
You die...

#....# #.# ..# ##....#
#.# #.# ##.....####.#
#.# #..##..)..#.## #)#
# #.#######....###.#.#
#.# ##.....#)#.#.# #.#
#####..###..g)...#
#.###.....## ###g#...#
....#.....# #@#...#
###.......# #w# .... #
##......# ... ..##.
####......# ..... .#
..........# ........#
..........###........
.....................#
###...(.......###.....
##...8.......


You could see a worm and 2 gnolls.

Vanquished Creatures
  Natasha (D:2)
  An adder (D:2)
  2 gnolls (D:2)
  A worm (D:2)
  A dart slug (D:1)
  5 ball pythons
  3 endoplasms
  4 giant cockroaches
  6 goblins
  2 hobgoblins (D:2)
  5 kobolds
  2 quokkas (D:1)
  A ball python skeleton (D:2)
  2 bats (D:2)
  6 frilled lizards (D:1)
  A jackal skeleton (D:2)
  4 rats (D:1)
47 creatures vanquished.

Notes
Turn   | Place    | Note
-------+----------+-------------------------------------------
     0 | D:1      | HallandMoats the Ghoul Berserker began the quest for the
                  | Orb.
     0 | D:1      | Reached XP level 1. HP: 19/19 MP: 0/0
    81 | D:1      | Reached XP level 2. HP: 12/26 MP: 1/1
   321 | D:1      | Found Fyemiesa's Weapon Boutique.
   336 | D:1      | Found Toic's Antique Armour Shoppe.
   800 | D:1      | Found Vocesch's Jewellery Shoppe.
   808 | D:1      | Reached XP level 3. HP: 33/33 MP: 2/2
  1228 | D:1      | Reached ** piety under Trog
  1387 | D:1      | Found Tagis's Antique Armour Shop.
  1484 | D:2      | Reached skill level 4 in Fighting
  1701 | D:2      | Noticed Natasha
  1706 | D:2      | Killed Natasha
  1707 | D:2      | Reached XP level 4. HP: 37/40 MP: 3/3
  1965 | D:2      | Slain by a gnoll

Illustrated notes

Levels and vault maps discovered:
D:1:      erik_arrival_cave_to_civilisation [erik_arrival_cave_to_hall],
          layout_basic, serial_shops, shop, shop, shop,
          nicolae_shop_hallway_stairs
D:2:      layout_rooms, serial_undead, serial_undead_a, serial_undead_d,
          serial_undead_d, serial_undead_a, chequers_serial_rivers_micro_e,
          uniq_natasha, uniq_terence

Skill      XL: |  1  2  3 |
---------------+----------+-----
Armour         | 2 |  2.3
Dodging        | 2 |  2.4
Axes           | 3 |  3.5
Fighting       | 4 |  4.3

Action                   |  1- 3 |  4- 6 || total
-------------------------+-------+-------++-------
Melee: Hand axe          |   147 |    39 ||   186
       Punch             |     2 |       ||     2
Armor: Animal skin       |     3 |       ||     3
       Scale mail        |    68 |     7 ||    75
Dodge: Dodged            |    77 |    20 ||    97

Table legend: (Time is in decaauts)
 A = Elapsed time spent in this place.
 B = Non-inter-level travel time spent in this place.
 C = Inter-level travel time spent in this place.
 D = Time resting spent in this place.
 E = Time spent auto-exploring this place.
 F = Levels seen in this place.
 G = Mean time per level.
                   A        B        C        D        E       F      G
               +--------+--------+--------+--------+--------+-----+--------+
         Total |   1990 |   1960 |     30 |      0 |   1606 |   2 |  995.0 |
       Dungeon |   1990 |   1960 |     30 |      0 |   1606 |   2 |  995.0 |
               +--------+--------+--------+--------+--------+-----+--------+

Top non-repeatable levels by time:
     D:1: 1482 daAuts
     D:2: 507 daAuts
